General information
- name: BNet
- type: Ladder team game (AT/RT)
- host: Battle.net
- saver: PURPLEBLEW
map: GolemsInTheMist
- players: 8
- length: 92:02
- speed: Fast
- version: 1.26 W3XP
- replay type: Public
» download(272 KB)
Players
team 1 (loser)
Zzzain (
red | 77 APM | 1590 actions | 20:33)
5 Priestess of the Moon
3 Trueshot Aura
2 Searing Arrows
» actions
| Assign group hotkey | 25 | |
| Basic commands | 160 | |
| Build / train | 81 | |
| ESC pressed | 3 | |
| Enter build submenu | 24 | |
| Enter hero's abilities submenu | 5 | |
| Right click | 655 | |
| Select / deselect | 221 | |
| Select group hotkey | 344 | |
| Use ability | 72 | |
1590 total
» units
| Wisp | 23 | |
| Archer | 15 | |
| Hippogryph | 9 | |
| Glaive Thrower | 3 | |
50 total
» upgrades
| Strength of the Moon | 3 | |
| Improved Bows | 1 | |
| Hippogryph Taming | 1 | |
| Marksmanship | 1 | |
| Well Spring | 1 | |
| Ultravision | 1 | |
| Moon Armor | 2 | |
| Vorpal Blades | 1 | |
11 total
» buildings
| Altar of Elders | 1 | |
| Moon Well | 8 | |
| Ancient of War | 3 | |
| Ancient of Wonders | 1 | |
| Hunter's Hall | 1 | |
| Tree of Ages | 5 | |
| Tree of Life | 3 | |
| Ancient Protector | 1 | |
| Ancient of Wind | 2 | |
| Tree of Eternity | 1 | |
26 total
» build order
00:03 Altar of Elders
00:23 Moon Well
00:56 Ancient of War
01:26 Ancient of Wonders
01:53 Moon Well
02:21 Hunter's Hall
03:09 Tree of Ages
03:09 Tree of Ages
03:10 Tree of Ages
03:36 Moon Well
05:49 Tree of Life
06:15 Tree of Life
06:19 Ancient Protector
06:26 Ancient of War
06:28 Ancient of Wind
06:53 Ancient of War
07:13 Ancient of Wind
07:59 Tree of Eternity
11:08 Moon Well
11:10 Moon Well
14:00 Moon Well
14:02 Moon Well
15:44 Moon Well
17:26 Tree of Life
ram-rod (
blue | 10 APM | 692 actions | 67:04)
7 Blademaster
3 Wind Walk
3 Critical Strike
1 Bladestorm
» actions
| Assign group hotkey | 12 | |
| Basic commands | 97 | |
| Build / train | 45 | |
| Enter build submenu | 22 | |
| Enter hero's abilities submenu | 7 | |
| Right click | 172 | |
| Select / deselect | 193 | |
| Select group hotkey | 95 | |
| Use ability | 49 | |
692 total
» units
| Peon | 7 | |
| Grunt | 7 | |
| Goblin Shredder | 1 | |
| Demolisher | 12 | |
27 total
» upgrades
| Berserker Strength | 1 | |
| Pillage | 1 | |
| Ranged Weapons | 1 | |
| Armor | 1 | |
| Reinforced Defenses | 1 | |
5 total
» buildings
| Altar of Storms | 1 | |
| Orc Burrow | 5 | |
| Barracks | 2 | |
| Voodoo Lounge | 1 | |
| War Mill | 1 | |
| Watch Tower | 11 | |
| Stronghold | 1 | |
| Great Hall | 1 | |
| Fortress | 1 | |
24 total
» build order
00:04 Altar of Storms
00:07 Orc Burrow
00:13 Barracks
02:00 Orc Burrow
02:34 Voodoo Lounge
03:44 War Mill
04:43 Orc Burrow
05:02 Watch Tower
05:18 Watch Tower
05:54 Stronghold
06:09 Watch Tower
06:58 Watch Tower
07:18 Barracks
07:38 Orc Burrow
09:09 Watch Tower
09:10 Watch Tower
09:12 Watch Tower
09:53 Watch Tower
10:37 Watch Tower
10:40 Watch Tower
10:44 Watch Tower
11:01 Orc Burrow
11:34 Great Hall
17:25 Fortress
» items
| Healing Salve | 2 | |
| Lesser Clarity Potion | 1 | |
3 total
SUCHSKILLSBLEW (
green | 43 APM | 1812 actions | 42:32)
8 Blademaster
3 Wind Walk
3 Critical Strike
1 Bladestorm
1 Mirror Image
» actions
| Assign group hotkey | 30 | |
| Basic commands | 224 | |
| Build / train | 82 | |
| Enter build submenu | 44 | |
| Enter hero's abilities submenu | 8 | |
| Give item / drop item | 12 | |
| Remove unit from queue | 2 | |
| Right click | 718 | |
| Select / deselect | 370 | |
| Select group hotkey | 207 | |
| Use ability | 115 | |
1812 total
» units
| Peon | 9 | |
| Grunt | 4 | |
| Goblin Shredder | 1 | |
| Goblin Zeppelin | 1 | |
| Wind Rider | 17 | |
| Goblin Sapper | 8 | |
40 total
» upgrades
| Ranged Weapons | 3 | |
| Armor | 3 | |
| Reinforced Defenses | 1 | |
| Envenomed Spears | 1 | |
8 total
» buildings
| Orc Burrow | 7 | |
| Altar of Storms | 1 | |
| Barracks | 1 | |
| Voodoo Lounge | 1 | |
| War Mill | 1 | |
| Stronghold | 1 | |
| Great Hall | 3 | |
| Watch Tower | 20 | |
| Fortress | 1 | |
| Beastiary | 5 | |
41 total
» build order
00:15 Orc Burrow
00:52 Altar of Storms
00:54 Barracks
01:06 Orc Burrow
01:57 Voodoo Lounge
02:47 War Mill
04:06 Stronghold
04:21 Orc Burrow
05:29 Orc Burrow
06:26 Great Hall
06:30 Watch Tower
06:31 Watch Tower
06:31 Watch Tower
06:32 Watch Tower
09:43 Fortress
11:37 Beastiary
11:37 Beastiary
11:38 Beastiary
11:43 Beastiary
11:51 Beastiary
12:21 Great Hall
14:16 Orc Burrow
14:19 Orc Burrow
14:21 Orc Burrow
15:20 Watch Tower
15:22 Watch Tower
15:24 Watch Tower
15:28 Watch Tower
15:30 Watch Tower
15:33 Watch Tower
18:10 Watch Tower
18:11 Watch Tower
18:12 Watch Tower
18:12 Watch Tower
21:43 Watch Tower
21:43 Watch Tower
21:44 Watch Tower
21:45 Watch Tower
21:45 Watch Tower
21:46 Watch Tower
30:55 Great Hall
» items
| Healing Salve | 7 | |
| Scroll of Town Portal | 4 | |
| Orb of Lightning | 1 | |
| Potion of Healing | 2 | |
| Potion of Mana | 2 | |
| Lesser Clarity Potion | 3 | |
| Scroll of Speed | 2 | |
21 total
NightlySinx (
yellow | 48 APM | 1529 actions | 31:58)
5 Warden
3 Fan of Knives
2 Shadow Strike
» actions
| Assign group hotkey | 7 | |
| Build / train | 66 | |
| Enter build submenu | 20 | |
| Enter hero's abilities submenu | 5 | |
| Remove unit from queue | 4 | |
| Right click | 835 | |
| Select / deselect | 339 | |
| Select group hotkey | 193 | |
| Use ability | 60 | |
1529 total
» units
| Wisp | 14 | |
| Archer | 11 | |
| Huntress | 12 | |
| Mountain Giant | 3 | |
| Chimaera | 2 | |
42 total
» upgrades
| Improved Bows | 1 | |
| Strength of the Moon | 2 | |
| Moon Armor | 2 | |
| Strength of the Wild | 2 | |
| Reinforced Hides | 2 | |
| Resistant Skin | 1 | |
| Hardened Skin | 1 | |
| Upgrade Moon Glaive | 1 | |
| Marksmanship | 0 | |
| Corrosive Breath | 0 | |
12 total
» buildings
| Ancient of War | 1 | |
| Altar of Elders | 1 | |
| Moon Well | 7 | |
| Tree of Ages | 1 | |
| Ancient of Wonders | 1 | |
| Hunter's Hall | 1 | |
| Ancient Protector | 2 | |
| Ancient of Lore | 1 | |
| Tree of Eternity | 1 | |
| Ancient of Wind | 1 | |
| Chimaera Roost | 1 | |
| Tree of Life | 2 | |
20 total
» build order
00:18 Ancient of War
01:01 Altar of Elders
01:34 Moon Well
02:34 Moon Well
02:35 Moon Well
03:26 Tree of Ages
04:30 Moon Well
04:35 Moon Well
04:54 Ancient of Wonders
05:35 Hunter's Hall
07:17 Ancient Protector
07:24 Ancient Protector
10:00 Ancient of Lore
11:59 Tree of Eternity
14:24 Moon Well
14:26 Moon Well
18:09 Ancient of Wind
19:44 Chimaera Roost
20:47 Tree of Life
22:51 Tree of Life
team 2 (winner)

»
mckc (
orange | 49 APM | 504 actions | 10:16)
3 Keeper of the Grove
2 Force of Nature
1 Entangling Roots
» actions
| Assign group hotkey | 14 | |
| Build / train | 33 | |
| Enter build submenu | 12 | |
| Enter hero's abilities submenu | 3 | |
| Remove unit from queue | 2 | |
| Right click | 134 | |
| Select / deselect | 160 | |
| Select group hotkey | 123 | |
| Use ability | 23 | |
504 total
» units
» buildings
| Moon Well | 6 | |
| Ancient of War | 1 | |
| Altar of Elders | 1 | |
| Tree of Life | 1 | |
| Tree of Ages | 1 | |
| Hunter's Hall | 1 | |
| Tree of Eternity | 1 | |
| Ancient of Wind | 1 | |
13 total
» build order
00:33 Moon Well
00:49 Ancient of War
01:05 Altar of Elders
01:26 Moon Well
01:31 Moon Well
02:26 Moon Well
04:10 Tree of Life
04:31 Tree of Ages
05:25 Hunter's Hall
06:40 Moon Well
06:56 Tree of Eternity
07:00 Ancient of Wind
09:21 Moon Well
NightDragon (
pink | 31 APM | 1294 actions | 41:11)
5 Dreadlord
3 Vampiric Aura
2 Carrion Swarm
1 Keeper of the Grove
1 Thorns Aura
» actions
| Build / train | 100 | |
| Enter build submenu | 49 | |
| Enter hero's abilities submenu | 7 | |
| Give item / drop item | 1 | |
| Remove unit from queue | 7 | |
| Right click | 547 | |
| Select / deselect | 479 | |
| Use ability | 103 | |
1294 total
» units
| Acolyte | 7 | |
| Ghoul | 5 | |
| Crypt Fiend | 35 | |
| Abomination | 10 | |
| Wisp | 9 | |
| Obsidian Statue | 1 | |
67 total
» upgrades
| Creature Attack | 1 | |
| Web | 1 | |
| Disease Cloud | 1 | |
3 total
» buildings
| Altar of Darkness | 2 | |
| Ziggurat | 22 | |
| Crypt | 1 | |
| Graveyard | 1 | |
| Tomb of Relics | 1 | |
| Halls of the Dead | 1 | |
| Black Citadel | 1 | |
| Slaughterhouse | 2 | |
| Spirit Tower | 3 | |
| Ancient Protector | 3 | |
| Nerubian Tower | 2 | |
| Tree of Life | 1 | |
| Altar of Elders | 2 | |
| Ancient of War | 2 | |
| Hunter's Hall | 1 | |
| Moon Well | 1 | |
| Necropolis | 1 | |
| Arcane Tower | 1 | |
48 total
» build order
00:10 Altar of Darkness
00:12 Ziggurat
00:43 Crypt
00:59 Ziggurat
01:23 Graveyard
01:34 Tomb of Relics
02:54 Ziggurat
03:52 Halls of the Dead
06:14 Ziggurat
07:12 Black Citadel
10:11 Slaughterhouse
10:15 Slaughterhouse
10:19 Ziggurat
10:26 Ziggurat
10:50 Spirit Tower
10:55 Ancient Protector
11:04 Ancient Protector
11:06 Ancient Protector
11:29 Nerubian Tower
11:50 Tree of Life
12:04 Altar of Elders
12:18 Nerubian Tower
14:07 Ziggurat
14:13 Ziggurat
14:25 Altar of Elders
14:32 Ancient of War
14:37 Hunter's Hall
14:43 Ancient of War
14:50 Moon Well
20:08 Ziggurat
20:13 Ziggurat
21:28 Spirit Tower
24:53 Ziggurat
24:55 Ziggurat
26:24 Spirit Tower
30:30 Altar of Darkness
30:34 Necropolis
30:37 Ziggurat
30:39 Ziggurat
30:42 Ziggurat
30:44 Ziggurat
30:50 Ziggurat
30:56 Ziggurat
31:25 Ziggurat
31:27 Ziggurat
31:30 Ziggurat
31:34 Ziggurat
38:16 Arcane Tower
» items
| Potion of Healing | 4 | |
| Scroll of Town Portal | 3 | |
| Ivory Tower | 1 | |
8 total
PURPLEBLEW (
teal | 37 APM | 3362 actions | 92:02)
7 Blood Mage
3 Flame Strike
3 Siphon Mana
1 Summon Phoenix
» actions
| Assign group hotkey | 105 | |
| Basic commands | 246 | |
| Build / train | 177 | |
| ESC pressed | 15 | |
| Enter build submenu | 68 | |
| Enter hero's abilities submenu | 7 | |
| Give item / drop item | 6 | |
| Right click | 1245 | |
| Select / deselect | 470 | |
| Select group hotkey | 757 | |
| Use ability | 266 | |
3362 total
» units
| Peasant | 22 | |
| Footman | 4 | |
| Goblin Shredder | 3 | |
| Goblin Sapper | 15 | |
| Goblin Zeppelin | 3 | |
| Gryphon Rider | 5 | |
| Dragonhawk Rider | 2 | |
54 total
» upgrades
| Swords | 3 | |
| Armor | 3 | |
| Storm Hammers | 1 | |
| Cloud | 1 | |
| Gunpowder | 3 | |
| Plating | 3 | |
| Backpack | 1 | |
| Masonry | 1 | |
16 total
» buildings
| Altar of Kings | 2 | |
| Barracks | 1 | |
| Farm | 12 | |
| Arcane Vault | 2 | |
| Town Hall | 5 | |
| Keep | 7 | |
| Scout Tower | 34 | |
| Blacksmith | 3 | |
| Lumber Mill | 2 | |
| Guard Tower | 40 | |
| Castle | 4 | |
| Gryphon Aviary | 4 | |
116 total
» build order
00:51 Altar of Kings
00:54 Barracks
00:56 Farm
01:05 Farm
01:23 Arcane Vault
02:10 Farm
02:42 Farm
04:03 Town Hall
04:59 Farm
05:18 Keep
05:18 Keep
05:55 Scout Tower
05:58 Scout Tower
06:01 Scout Tower
06:04 Scout Tower
06:42 Blacksmith
07:36 Lumber Mill
07:59 Blacksmith
08:50 Guard Tower
08:50 Guard Tower
10:53 Guard Tower
10:55 Castle
10:56 Castle
12:21 Scout Tower
12:21 Scout Tower
12:22 Scout Tower
12:23 Scout Tower
12:24 Scout Tower
13:15 Scout Tower
13:16 Scout Tower
13:16 Scout Tower
13:17 Scout Tower
13:18 Scout Tower
13:43 Guard Tower
13:44 Guard Tower
13:44 Guard Tower
13:44 Guard Tower
13:45 Guard Tower
13:45 Guard Tower
13:46 Guard Tower
14:19 Scout Tower
14:23 Farm
14:27 Farm
15:36 Town Hall
15:39 Lumber Mill
15:46 Scout Tower
15:48 Scout Tower
15:49 Scout Tower
15:50 Scout Tower
15:51 Scout Tower
15:56 Scout Tower
15:57 Scout Tower
15:58 Scout Tower
15:59 Scout Tower
16:00 Scout Tower
16:28 Altar of Kings
16:49 Guard Tower
16:49 Guard Tower
16:50 Guard Tower
17:01 Guard Tower
17:01 Guard Tower
17:01 Guard Tower
17:02 Keep
17:02 Keep
17:02 Keep
17:24 Guard Tower
17:24 Guard Tower
17:24 Guard Tower
18:05 Farm
18:06 Farm
18:07 Farm
18:08 Farm
18:10 Farm
18:53 Blacksmith
20:54 Castle
21:32 Town Hall
21:38 Gryphon Aviary
21:39 Gryphon Aviary
21:43 Gryphon Aviary
21:45 Gryphon Aviary
21:54 Scout Tower
21:55 Scout Tower
21:56 Scout Tower
21:57 Scout Tower
22:35 Guard Tower
22:36 Guard Tower
22:36 Guard Tower
22:52 Guard Tower
22:52 Guard Tower
22:52 Guard Tower
24:40 Arcane Vault
26:52 Town Hall
30:29 Town Hall
35:32 Scout Tower
35:33 Scout Tower
35:36 Scout Tower
35:37 Scout Tower
35:38 Scout Tower
36:50 Guard Tower
36:50 Guard Tower
36:50 Guard Tower
» items
| Scroll of Regeneration | 4 | |
| Scroll of Town Portal | 5 | |
| Ivory Tower | 6 | |
| Potion of Healing | 5 | |
| Lesser Clarity Potion | 2 | |
| Staff of Sanctuary | 1 | |
| Orb of Corruption | 1 | |
| Scroll of Healing | 1 | |
25 total
HACKmeUFAGGGET (
purple | 45 APM | 580 actions | 12:56)
3 Priestess of the Moon
1 Searing Arrows
2 Trueshot Aura
» actions
| Basic commands | 64 | |
| Build / train | 57 | |
| Enter build submenu | 9 | |
| Enter hero's abilities submenu | 3 | |
| Remove unit from queue | 1 | |
| Right click | 243 | |
| Select / deselect | 189 | |
| Use ability | 14 | |
580 total
» units
» upgrades
» buildings
| Moon Well | 4 | |
| Altar of Elders | 1 | |
| Ancient of War | 2 | |
| Tree of Life | 1 | |
| Tree of Ages | 1 | |
| Hunter's Hall | 1 | |
10 total
» build order
00:20 Moon Well
00:35 Altar of Elders
00:49 Ancient of War
01:39 Moon Well
02:13 Ancient of War
02:24 Moon Well
02:54 Moon Well
05:19 Tree of Life
05:59 Tree of Ages
06:15 Hunter's Hall
Chat log
(03:55 / All) SUCHSKILLSBLEW: hate NE allies on this map
(04:00 / All) SUCHSKILLSBLEW: POS red
(04:12 / All) SUCHSKILLSBLEW: faggot
(04:16 / All) PURPLEBLEW: Expo stealer?
(04:22 / All) HACKmeUFAGGGET: LOL
(04:27 / All) HACKmeUFAGGGET: MENTAL DISORDER?
(04:45 / All) HACKmeUFAGGGET: JUST TK HIM
(04:53 / All) HACKmeUFAGGGET: HERE THE SOLUTION
(05:10 / All) HACKmeUFAGGGET: U LL BE A HERO
(05:23 / All) HACKmeUFAGGGET: WHEN U HATE SOMEONE
(05:26 / All) HACKmeUFAGGGET: U JUST TK HIM
(05:29 / All) HACKmeUFAGGGET: RIGHT AWAY
(05:32 / All) HACKmeUFAGGGET: BOOM
(05:35 / All) HACKmeUFAGGGET: HEAD SHOT
(06:45 / Allies) HACKmeUFAGGGET: damn teal
(06:50 / Allies) HACKmeUFAGGGET: dont be shy
(06:53 / Allies) HACKmeUFAGGGET: take everything
(06:57 / Allies) PURPLEBLEW: I gave you the wand
(06:58 / Allies) PURPLEBLEW: actually
(07:05 / Allies) PURPLEBLEW: and the int tome is superior on my hero
(07:06 / Allies) HACKmeUFAGGGET: ok
(07:08 / Allies) PURPLEBLEW: because I have an int hero
(07:09 / Allies) PURPLEBLEW: so shut the fuck up
(07:12 / Allies) HACKmeUFAGGGET: ok
(07:15 / Allies) HACKmeUFAGGGET: what?
(07:27 / Allies) HACKmeUFAGGGET: what?
(07:48 / All) PURPLEBLEW: Purple is tking
(07:48 / Allies) HACKmeUFAGGGET: what?
(07:50 / All) PURPLEBLEW: Whiny faggot
(07:56 / Allies) mckc: wtf teal
(07:58 / All) HACKmeUFAGGGET: HE TALK SHITTED
(08:04 / All) Zzzain: wow lmfao
(08:05 / Allies) PURPLEBLEW: I did nothing
(08:07 / All) HACKmeUFAGGGET: I DONT ALLOW THAT
(08:28 / All) PURPLEBLEW: Noobelf
(08:45 / All) PURPLEBLEW: Every archer dead
(08:46 / All) PURPLEBLEW: fucking raped
(08:48 / All) PURPLEBLEW: hit top right
(08:54 / Allies) HACKmeUFAGGGET: good job
(08:57 / Allies) HACKmeUFAGGGET: good job
(08:59 / Allies) mckc: help
(09:01 / Allies) mckc: 3 teams here
(09:16 / All) PURPLEBLEW: ty blue
(09:24 / All) ram-rod: welcome
(09:29 / All) PURPLEBLEW: sorry misclick
(09:59 / Allies) NightDragon: .-
(10:35 / All) PURPLEBLEW: raped
(10:41 / All) PURPLEBLEW: mid expo on our side too is his
(13:05 / All) Zzzain: great
(13:07 / Allies) PURPLEBLEW: tp
(13:08 / All) Zzzain: towerfaggooooot
(15:52 / All) Zzzain: well then
(15:57 / All) Zzzain: u really wanna get shat on?
(16:06 / All) PURPLEBLEW: You're the one who will be eating shit and drinking piss, faggot
(16:10 / All) PURPLEBLEW: Get ready to get fucking annihilated
(16:13 / All) PURPLEBLEW: you piece of trash
(16:15 / All) PURPLEBLEW: Garbage player
(16:15 / All) ram-rod: wtf green
(16:18 / All) Zzzain: lmfaooo
(16:19 / All) PURPLEBLEW: Fucking told you
(16:46 / All) PURPLEBLEW: Not shit talking now huh are you?
(16:56 / All) PURPLEBLEW: micro your shit, but it's going to get outmicroed and crushed
(17:08 / All) PURPLEBLEW: btw
(17:12 / All) PURPLEBLEW: good work never checking for my expo
(17:13 / All) PURPLEBLEW: or hidden workers
(17:22 / All) PURPLEBLEW: You unintelligent, unobservant, untactical trashcans
(17:29 / All) Zzzain: lets go pussy
(17:38 / All) PURPLEBLEW: You're going one direction and that's out the game
(17:51 / All) PURPLEBLEW: Fucking garbage
(17:55 / All) PURPLEBLEW: Get off my battle.net and uninstall
(18:31 / All) PURPLEBLEW: You realise there's 2 of us
(18:33 / All) PURPLEBLEW: and 3 of you
(18:36 / All) PURPLEBLEW: and you are getting rocked?
(18:40 / All) PURPLEBLEW: and you think you're all so good
(19:17 / All) Zzzain: so u want players that are what? suck ur dick all day?
(19:17 / All) Zzzain: lmfao
(19:28 / All) PURPLEBLEW: I want ones whoa re easier than the easy mode computer
(19:32 / All) PURPLEBLEW: so not any of you
(19:33 / All) Zzzain: lmfao horrible playes
(19:36 / All) PURPLEBLEW: including you
(19:39 / All) PURPLEBLEW: youa re one of the worst I have ever seen
(19:40 / All) Zzzain: cuz ur a fukin noob
(19:43 / All) Zzzain: u ruin the game
(19:45 / All) Zzzain: like a noob
(19:45 / All) PURPLEBLEW: who beat you
(19:55 / All) PURPLEBLEW: if I didn't have to deal with a tker
(19:58 / All) PURPLEBLEW: you'd be fucked easily by my own hands
(20:05 / All) Zzzain: yea u guys are fags
(20:07 / All) Zzzain: the reason battle net
(20:09 / All) Zzzain: is so shit now
(20:11 / All) Zzzain: lmfao
(20:16 / All) PURPLEBLEW: RAPED
(20:17 / All) PURPLEBLEW: NICE EXPO
(20:18 / All) PURPLEBLEW: BLUE
(20:19 / All) PURPLEBLEW: OH
(20:20 / All) PURPLEBLEW: YOU HAVE NONE
(20:28 / All) Zzzain: soft fags and noobs like green and teal
(20:44 / All) PURPLEBLEW: lawl I need to stop typing and pay more attention,that bm shouldn't have died
(20:49 / All) PURPLEBLEW: Oh well doesn't matter
(22:21 / All) NightlySinx: GOING
(23:16 / All) PURPLEBLEW: sup trash
(24:13 / Allies) NightDragon: teal get an army lol
(24:15 / Allies) NightDragon: lets win
(24:16 / Allies) PURPLEBLEW: I am
(24:55 / All) PURPLEBLEW: How fucking mad are you, blue and yellow?
(25:03 / All) PURPLEBLEW: on a scale of 1 - in tears
(25:04 / All) SUCHSKILLSBLEW: I'm running a bit low on gold right now
(25:22 / Allies) NightDragon: teal can i have some gold
(25:33 / Allies) PURPLEBLEW: You'll be on 3 mines too, it's even
(30:42 / All) NightlySinx: the guy don`t give me gold to build a gold mine
(30:51 / All) NightlySinx: just 50 gold
(31:00 / All) NightlySinx: and he isn't send me
(31:01 / All) SUCHSKILLSBLEW: I need it
(31:07 / All) PURPLEBLEW: You are so bad I doubt you could do anything with a base anyway
(31:17 / All) PURPLEBLEW: all you'd do is cause problems for them and make them more likely to lose
(31:30 / All) PURPLEBLEW: garbage fucking noob elf
(31:33 / All) NightlySinx: that like lose
(31:38 / All) NightlySinx: that guy
(31:55 / All) NightlySinx: fuck you green
(33:54 / All) SUCHSKILLSBLEW: I was using his stuff
(33:56 / All) SUCHSKILLSBLEW: blue is afk
(33:58 / All) PURPLEBLEW: oh lawl
(34:14 / All) PURPLEBLEW: I forgot he left
(34:30 / Allies) NightDragon: why r u attack me?
(34:34 / Allies) PURPLEBLEW: You lose
(35:00 / All) SUCHSKILLSBLEW: stand off time
(35:35 / Allies) NightDragon: can u stop?
(35:49 / Allies) PURPLEBLEW: Now I can because you hvae nothing
(35:57 / Allies) NightDragon: your retard
(36:15 / All) PURPLEBLEW: "your retard"- NightDragon, November 2013 in Warcraft III: The Frozen Throne
(36:24 / All) PURPLEBLEW: Maybe he's referring to someone I know
(37:54 / All) SUCHSKILLSBLEW: Jacob Campbell
(37:59 / All) SUCHSKILLSBLEW: Your retard Jacob Campbell
(40:03 / All) PURPLEBLEW: My side done, just my units now
(40:34 / All) SUCHSKILLSBLEW: My side complete
(41:15 / All) PURPLEBLEW: fuck
(41:17 / All) SUCHSKILLSBLEW: aw shit lawl
(41:21 / All) SUCHSKILLSBLEW: LOL
(41:25 / All) SUCHSKILLSBLEW: Well blue gets teh win
(41:27 / All) SUCHSKILLSBLEW: he's afk anyway
(41:29 / All) PURPLEBLEW: I think I can stay in it
(41:32 / All) PURPLEBLEW: and give him the loss
(42:03 / All) PURPLEBLEW: I want your team to lose god dammit
(42:06 / All) PURPLEBLEW: I guess I need to stay
(42:17 / All) SUCHSKILLSBLEW: Hopefully he comes back and immediately alt qqs
(42:29 / All) SUCHSKILLSBLEW: Pink has a chicken heart